 Dungeon Crawl Stone Soup version 0.29.1-2-gbd0b4ee654 (webtiles) character file.

Game seed: 6520412251143220313

2 Anandil the Trooper (level 1, 0/19 HPs)
             Began as a Draconian Monk on Oct 27, 2022.
             Slain by a hobgoblin (3 damage)
             ... on level 1 of the Dungeon.
             The game lasted 00:00:09 (36 turns).

Anandil the Trooper (Draconian Monk)                  Turns: 36, Time: 00:00:10

Health: 0/19       AC:  4    Str: 13    XL:     1   Next: 25%
Magic:  1/1        EV: 12    Int: 10    God:
Gold:   0          SH:  0    Dex: 13    Spells: 0/0 levels left

rFire   . . .      SeeInvis .   a - +0 falchion
rCold   . . .      Faith    .   (no shield)
rNeg    . . .      Spirit   .   (body armour unavailable)
rPois   .          Reflect  .   (helmet restricted)
rElec   .          Harm     .   (no cloak)
rCorr   .          Rampage  .   (no gloves)
Will    .....                   (no boots)
Stlth   ++........              (no amulet)
HPRegen 0.06/turn               (no ring)
MPRegen 0.07/turn               (no ring)

@: no status effects
A: AC +4, unfitting armour, cold-blooded
a: no special abilities


You were on level 1 of the Dungeon.
You visited 1 branch of the dungeon, and saw 1 of its levels.

Inventory:

Hand Weapons
 a - a +0 falchion (weapon)
Potions
 b - a potion of ambrosia
 c - a potion of attraction {unknown}


   Skills:
 + Level 3.3 Fighting
 + Level 3.0 Long Blades
 + Level 2.7 Dodging
 - Level 1.7 Stealth


You couldn't memorise any spells.
You didn't know any spells.
Your spell library was empty.

Dungeon Overview and Level Annotations

Branches:
Dungeon (1/15)

Altars:


Innate Abilities, Weirdness & Mutations

Your plain brown scales are hard. (AC +4)
You cannot fit into any form of body armour.
You are cold-blooded and may be slowed by cold attacks.


Message History

You closely miss the goblin.
Your tail-slap misses the goblin.
The bat barely misses you. x2; The hobgoblin barely misses you.
The goblin misses you. The kobold barely misses you.
The hobgoblin closely misses you. The kobold hits you but does no damage.
The goblin closely misses you.
You closely miss the goblin.
Your tail-slap misses the goblin.
The bat hits you but does no damage. The goblin hits you with a +0 club.
The kobold hits you with a +0 short sword.
The hobgoblin hits you but does no damage.
You hit the goblin.
The goblin is moderately wounded.
The bat hits you but does no damage. The hobgoblin barely misses you.
The kobold hits you but does no damage. The goblin misses you.
You closely miss the goblin.
The goblin is moderately wounded.
The bat hits you. The hobgoblin misses you.
The goblin hits you but does no damage. The kobold misses you.
You closely miss the goblin.
The goblin is moderately wounded.
The bat hits you but does no damage. The bat barely misses you.
The hobgoblin closely misses you. The goblin closely misses you.
The kobold barely misses you.
You barely miss the goblin.
The goblin is moderately wounded.
The bat hits you but does no damage. The hobgoblin barely misses you.
The goblin misses you. The kobold closely misses you.
You barely miss the goblin.
Your tail-slap misses the goblin.
The goblin is moderately wounded.
The bat misses you. The hobgoblin closely misses you.
The goblin barely misses you.
The kobold hits you with a +0 short sword.
The hobgoblin hits you. The goblin hits you with a +0 club.
* * * LOW HITPOINT WARNING * * *
The kobold hits you but does no damage.
You are too injured to fight recklessly!
Unknown command.
The bat hits you.
* * * LOW HITPOINT WARNING * * *
The hobgoblin attacks as you move away! The hobgoblin hits you.
You die...

.# .# .# .#
###.#####. #.....?...
############.........
#...........gg.......
#.....†...##@K.......
#.........##.#####...
########.###b# . #.#
... #.#.?.. ##.##....
#...#.... #...#.....
##...##


You could see a hobgoblin, a goblin, a bat and a kobold.

Vanquished Creatures
  A quokka (D:1)
  A bat (D:1)
2 creatures vanquished.

Notes
Turn   | Place    | Note
-------+----------+-------------------------------------------
     0 | D:1      | Anandil the Draconian Monk began the quest for the Orb.
     0 | D:1      | Reached XP level 1. HP: 19/19 MP: 1/1
    36 | D:1      | Slain by a hobgoblin

Illustrated notes

Levels and vault maps discovered:
D:1:      dpeg_arrival_rhombus, layout_rooms, chequers_ecumenical_altar_simple,
          minmay_hexomino_c4

Action                   || total
-------------------------++-------
Melee: Falchion          ||    14
       Tailslap          ||     1
Armor: Skin              ||    14
Dodge: Dodged            ||    34
